 Dungeon Crawl Stone Soup version 0.30-a0-422-g946f4849ff (webtiles) character file.

Game seed: 12208598845859319588

732 zishaf the Grave Robber (level 8, -4/61 HPs)
             Began as a Human Necromancer on Dec 8, 2022.
             Killed from afar by an orc wizard (9 damage)
             ... with a magic dart
             ... on level 4 of the Dungeon.
             The game lasted 00:08:30 (4329 turns).

zishaf the Grave Robber (Human Necromancer)         Turns: 4329, Time: 00:08:31

Health: -4/61      AC:  3    Str:  8    XL:     8   Next: 3%
Magic:  2/14       EV: 12    Int: 17    God:
Gold:   247        SH:  0    Dex: 15    Spells: 7/15 levels left

rFire   . . .      SeeInvis +    q - +7 short sword of Honour {protect, SInv}
rCold   . . .      Faith    .    (no shield)
rNeg    . . .      Spirit   .    a - +0 robe
rPois   .          Reflect  .    (no helmet)
rElec   .          Harm     .    h - +0 cloak
rCorr   .          Rampage  .    (no gloves)
Will    .....                    (no boots)
Stlth   +.........               (no amulet)
HPRegen 0.30/turn                g - ring of wizardry
MPRegen 0.14/turn                o - ring of wizardry

@: confused
A: no striking features
a: no special abilities


You were on level 4 of the Dungeon.
You visited 1 branch of the dungeon, and saw 4 of its levels.

You collected 247 gold pieces.

Inventory:

Hand Weapons
 c - a +0 short sword
 d - a +0 short sword of speed
 q - the +7 short sword of Honour (weapon) {protect, SInv}
   (You found it on level 3 of the Dungeon)

   It grants its wielder temporary protection when it strikes (+7 to AC).
   SInv:      It lets you see invisible.
Armour
 a - a +0 robe (worn)
 h - a +0 cloak (worn)
Jewellery
 g - a ring of wizardry (left hand)
 o - a ring of wizardry (right hand)
Wands
 p - a wand of paralysis (7)
Scrolls
 f - a scroll of fear
 i - a scroll of magic mapping
 k - a scroll of identify {unknown}
 l - 2 scrolls of blinking {unknown}
 m - a scroll of poison {unknown}
 s - a scroll of fog
Potions
 b - 2 potions of magic
 e - a potion of curing
 j - 3 potions of mutation {unknown}
 n - a potion of resistance {unknown}
 r - a potion of berserk rage {unknown}


   Skills:
 + Level 4.9 Fighting
 + Level 0.6 Short Blades
 - Level 2.0 Dodging
 - Level 2.0 Stealth
 - Level 4.0 Spellcasting
 + Level 6.5 Necromancy


You had 7 spell levels left.
You knew the following spells:

 Your Spells              Type           Power      Damage    Failure   Level
a - Necrotise             Necr           100%       1d9       1%          1
b - Vampiric Draining     Necr           25%        2d7       1%          3
c - Animate Dead          Necr           25%        N/A       3%          4

Your spell library contained the following spells:

 Spells                   Type           Power      Damage    Failure   Level
 Summon Small Mammal      Summ           12%        N/A       4%          1
 Agony                    Necr           25%        N/A       9%          5
 Call Canine Familiar     Summ           3%         N/A       13%         3
 Summon Guardian Golem    Hex/Summ       3%         N/A       13%         3


Dungeon Overview and Level Annotations

Branches:
Dungeon (4/15)
 Temple: D:4-7

Altars:
Okawaru


Message History

Casting: Vampiric Draining (safe; 1% risk of failure)
Confirm with . or Enter, or press ? or * to list all spells.
Aiming: Vampiric Draining (safe; 1% risk of failure)
Press: ? - help, Shift-Dir - straight line, f - orc priest
Aim: an orc priest, wielding a +0 falchion You draw life force from the orc priest!
You feel life coursing into your body.
The orc priest hits you with a +0 falchion.
* * * LOW HITPOINT WARNING * * *
Casting: Vampiric Draining (safe; 1% risk of failure)
Confirm with . or Enter, or press ? or * to list all spells.
Aiming: Vampiric Draining (safe; 1% risk of failure)
Press: ? - help, Shift-Dir - straight line, f/p - orc priest
Aim: an orc priest, wielding a +0 falchion (heavily wounded)
You draw life force from the orc priest.
You feel life coursing into your body.
The orc wizard points at you and mumbles some strange words.
The puff of flame hits you!
* * * LOW HITPOINT WARNING * * *
The orc priest looks encouraged for a moment.
You puncture the orc priest!
Your weapon exudes an aura of protection.
You kill the orc priest!
You have reached level 8!
You feel agile.
You barely miss the orc wizard.
The orc wizard points at you and mumbles some strange words.
You resist with some effort.
You closely miss the orc wizard.
The orc wizard hits you with a +0 dagger.
* * * LOW HITPOINT WARNING * * *
You barely miss the orc wizard.
The orc wizard hits you with a +0 dagger.
* * * LOW HITPOINT WARNING * * *
You closely miss the orc wizard.
The orc wizard gestures at you while chanting.
You are confused.
The orc wizard casts a spell at you. The magic dart hits you!
You die...

**,** #..# #....####.###..
*,,,**##..# #.............#
,,_,,,,...#########.###......>.##
*,,,***#............#####........
**,** #..##.........####.......#
#.* #..##..................#..
#.# ##.........รท.####......###
##.#####...#........###......<###
...##......#....@o...............
....#......#....)...##........###
....#......####...####..###.#####
...........#*#.....#...## #......
....#.................#* ##.....
....#......##........*****#......
....######.##........#*,>,.......
###.# *.........#..,,**##.....
##.### ######.......,,,,,*#.....


You could see an orc wizard (invisible).

Vanquished Creatures
  Grinder (D:4)
  Menkaure (D:4)
  A black bear (D:4)
  4 orc priests
  3 orc wizards
  3 adders
  An ufetubus (D:4)
  A worm (D:3)
  6 dart slugs
  6 orcs
  7 ball pythons
  6 endoplasms
  5 giant cockroaches
  8 goblins
  12 hobgoblins
  5 jackals
  A quokka (D:1)
  4 bats
  3 frilled lizards
  7 kobolds
  8 rats
93 creatures vanquished.

Vanquished Creatures (collateral kills)
  A bat (D:1)
  A giant cockroach (D:2)
2 creatures vanquished.

Vanquished Creatures (others)
  A fungus (D:3)
  3 plants (D:3)
4 creatures vanquished.

Grand Total: 99 creatures vanquished

Notes
Turn   | Place    | Note
-------+----------+-------------------------------------------
     0 | D:1      | zishaf the Human Necromancer began the quest for the Orb.
     0 | D:1      | Reached XP level 1. HP: 13/13 MP: 3/3
   145 | D:1      | Reached XP level 2. HP: 16/20 MP: 1/5
   343 | D:1      | Reached skill level 1 in Fighting
   521 | D:1      | Reached XP level 3. HP: 26/26 MP: 2/6
   525 | D:1      | Learned a level 3 spell: Vampiric Draining
  1340 | D:2      | Reached XP level 4. HP: 33/33 MP: 5/7
  1361 | D:2      | You fall into a shaft and drop 2 floors!
  1377 | D:4      | Noticed a black bear
  1384 | D:4      | Noticed Grinder
  2519 | D:3      | Reached XP level 5. HP: 38/38 MP: 7/9
  2629 | D:3      | Learned a level 4 spell: Animate Dead
  2634 | D:3      | Identified the +7 short sword of Honour {protect, SInv}
  2811 | D:3      | Reached skill level 5 in Necromancy
  2823 | D:3      | Reached XP level 6. HP: 12/47 MP: 1/11
  3029 | D:3      | Found an iron altar of Okawaru.
  3289 | D:3      | Found a faded altar of an unknown god.
  3739 | D:4      | Noticed Menkaure
  3817 | D:4      | Killed Menkaure
  3818 | D:4      | Reached XP level 7. HP: 21/52 MP: 11/13
  3938 | D:4      | Killed Grinder
  3939 | D:4      | Reached skill level 6 in Necromancy
  4325 | D:4      | Reached XP level 8. HP: 6/61 MP: 2/14
  4329 | D:4      | Killed from afar by an orc wizard

Illustrated notes

Levels and vault maps discovered:
D:1:      dpeg_arrival_subterranean_lakeside_camping, layout_basic
D:2:      layout_basic
D:3:      layout_basic, lemuel_tele_altar,
          dreamdust_ecumenical_altar_hidden_monk_grotto, minmay_pentangle
D:4:      layout_rooms, nicolae_overflow_crystal_walls, uniq_menkaure,
          uniq_grinder

Skill      XL: |  1  2  3  4  5  6  7 |
---------------+----------------------+-----
Fighting       | 1 2 3 4 |  4.9
Spellcasting   | 3 4 |  4.0
Necromancy     | 5 6 |  6.5
Short Blades   | |  0.6
Dodging        | |  2.0
Stealth        | |  2.0

Action                   |  1- 3 |  4- 6 |  7- 9 || total
-------------------------+-------+-------+-------++-------
Melee: Unarmed           |    15 |       |       ||    15
       Short sword       |    17 |    96 |    39 ||   152
       Punch             |       |     1 |       ||     1
 Cast: Necrotise         |    65 |    37 |     2 ||   104
       Vampiric Draining |       |    11 |     9 ||    20
Evoke: Wand              |       |       |     1 ||     1
  Use: Scroll            |       |     3 |       ||     3
       Potion            |       |     1 |     1 ||     2
 Stab: Paralysed         |       |       |     4 ||     4
Armor: Robe              |    17 |    27 |    18 ||    62
Dodge: Dodged            |    20 |    64 |    22 ||   106

Table legend: (Time is in decaauts)
 A = Elapsed time spent in this place.
 B = Non-inter-level travel time spent in this place.
 C = Inter-level travel time spent in this place.
 D = Time resting spent in this place.
 E = Time spent auto-exploring this place.
 F = Levels seen in this place.
 G = Mean time per level.
                   A        B        C        D        E       F      G
               +--------+--------+--------+--------+--------+-----+--------+
         Total |   4393 |   4154 |    239 |    352 |   3066 |   4 | 1098.2 |
       Dungeon |   4393 |   4154 |    239 |    352 |   3066 |   4 | 1098.2 |
               +--------+--------+--------+--------+--------+-----+--------+

Top non-repeatable levels by time:
     D:3: 1817 daAuts
     D:1: 1391 daAuts
     D:2: 888 daAuts
     D:4: 296 daAuts
